 Dungeon Crawl Stone Soup version 0.30-a0-161-gdd60e06945 (webtiles) character file.

Game seed: 8562900803164419576

69 qw the Chopper (level 4, -1/28 HPs)
             Began as a Gargoyle Fighter on Sept 27, 2022.
             Slain by a white imp (2 damage)
             ... summoned by Natasha
             ... on level 2 of the Dungeon.
             The game lasted 00:00:25 (1411 turns).

qw the Chopper (Gargoyle Fighter)                   Turns: 1411, Time: 00:00:25

Health: -1/28      AC: 12    Str: 21    XL:     4   Next: 20%
Magic:  4/4        EV:  7    Int:  9    God:
Gold:   40         SH:  4    Dex:  9    Spells: 3/3 levels left

rFire   . . .      SeeInvis .    Y - +0 war axe
rCold   . . .      Faith    .    c - +0 buckler
rNeg    + . .      Spirit   .    f - +0 chain mail
rPois   inf        Reflect  .    (no helmet)
rElec   +          Harm     .    (no cloak)
rCorr   .          Rampage  .    (no gloves)
Will    .....                    (no boots)
Stlth   ..........               (no amulet)
HPRegen 0.09/turn                (no ring)
MPRegen 0.09/turn                (no ring)

@: no status effects
A: sickness immunity, AC +3, negative energy resistance 1, electricity
resistance, torment resistance 1, petrification resistance
a: no special abilities


You were on level 2 of the Dungeon.
You visited 1 branch of the dungeon, and saw 2 of its levels.

You collected 40 gold pieces.


Innate Abilities, Weirdness & Mutations

You are immune to sickness and miasma.
Your stone body is resilient. (AC +3)
You are immune to poison.
You resist negative energy. (rN+)
You are resistant to electric shocks. (rElec)
You are resistant to unholy torment.
You are immune to petrification.


   Skills:
 - Level 3.2 Fighting
 + Level 3.5 Axes
 - Level 1.3 Throwing
 - Level 3.2 Armour
 - Level 3.2 Shields


You had 3 spell levels left.
You didn't know any spells.
Your spell library was empty.

Inventory:

Hand Weapons
 h - a +0 flail
 Y - a +0 war axe (weapon)
Missiles
 k - 2 javelins (quivered)
Armour
 c - a +0 buckler (worn)
 f - a +0 chain mail (worn)
Scrolls
 a - a scroll of silence {unknown}
Potions
 b - a potion of mutation {unknown}
 d - a potion of might
 e - a potion of cancellation {unknown}
 g - 2 potions of magic {unknown}
 i - a potion of ambrosia {unknown}
 j - a potion of lignification {unknown}

Dungeon Overview and Level Annotations

Branches:
Dungeon (2/15)

Altars:

Annotations:
D:2 Natasha


Message History

You slash the adder!
You kill the adder!
You start resting.
HP restored.
k - 2 javelins Natasha, Servant of Life and Death comes into view.
Natasha hisses angrily.
Natasha claws you!
You completely miss Natasha. Natasha claws you. Natasha claws you!
You closely miss Natasha.
Natasha mumbles some strange words.
You hit Natasha.
Natasha is lightly wounded.
You barely miss the white imp. Natasha casts a spell at you.
You resist with some effort. The white imp hits you. The white imp freezes you.
Natasha claws you but does no damage.
You barely miss Natasha. You closely miss the white imp.
The white imp closely misses you.
Natasha wildly gestures.
Natasha shimmers violently.
Natasha casts a spell.
You slash Natasha!
Natasha is severely wounded.
You hit the white imp but do no damage. The white imp gestures at you.
You block the puff of frost. Natasha claws you but does no damage.
The white imp hits you. The white imp freezes you. Natasha barely misses you.
You barely miss Natasha.
Natasha is severely wounded.
You hit the white imp but do no damage. You block the white imp's attack.
Natasha claws you.
You barely miss Natasha.
Natasha is severely wounded.
You closely miss the white imp.
The white imp hits you but does no damage.
Natasha stares at you and mumbles some strange words.
You resist with some effort. The white imp hits you.
You die...

##...)...#
.###
#.###)#.#
####.#
#.#.#
#....# #.#
.
#.######..
.# #.#...
... .
####.#.#
###. #.
#..5...# .
#.##@### #
#h# #5#
#.# ..#
#.# ###


You could see Natasha, a crimson imp (summoned) and a white imp (summoned).

Vanquished Creatures
  3 gnolls (D:2)
  2 adders (D:2)
  4 endoplasms
  3 goblins
  3 hobgoblins
  A quokka (D:2)
  2 ball pythons
  3 frilled lizards
  A kobold (D:2)
  2 rats (D:1)
24 creatures vanquished.

Notes
Turn   | Place    | Note
-------+----------+-------------------------------------------
     0 | D:1      | qw the Gargoyle Fighter began the quest for the Orb.
     0 | D:1      | Reached XP level 1. HP: 14/14 MP: 1/1
     0 | D:1      | 0 ||| qw: Version: 0.2-a-10-g37ed214
     0 | D:1      | 0 ||| qw: Game counter: 662
     0 | D:1      | 0 ||| qw: Always use a shield: true
     0 | D:1      | 0 ||| qw: God list: Okawaru
     0 | D:1      | 0 ||| qw: Allow faded altars: false
     0 | D:1      | 0 ||| qw: Do Orc after D:15 true
     0 | D:1      | 0 ||| qw: Do second Lair branch before Depths: true
     0 | D:1      | 0 ||| qw: Lair rune preference: random
     0 | D:1      | 0 ||| qw: Plans: Normal, Zot:1-4, God:TSO, Crypt, Tomb,
                  | Pan, Slime:5, Hells, Abyss, Orb
     0 | D:1      | 0 ||| PLANNING D:1-11
   212 | D:1      | 212 ||| Stepping ~*~*~tactically~*~*~ (stealth).
   246 | D:1      | 246 ||| DROPPING +0 whip.
   277 | D:1      | Reached XP level 2. HP: 18/19 MP: 2/2
   303 | D:1      | 303 ||| Stepping ~*~*~tactically~*~*~ (stealth).
   827 | D:1      | 827 ||| UPGRADING to +0 chain mail.
   837 | D:1      | 837 ||| DROPPING +0 scale mail.
   838 | D:1      | 838 ||| READING scroll labelled JOFEQA WIUNEHE.
   839 | D:1      | 839 ||| READING scroll labelled PIMIUQ ZEP WUK.
   840 | D:1      | 840 ||| READING scroll labelled PYKKIU NEFO.
   841 | D:1      | 841 ||| READING scroll labelled KIEJOG DAROR.
   916 | D:2      | 916 ||| Stepping ~*~*~tactically~*~*~ (stealth).
   917 | D:2      | Found a faded altar of an unknown god.
   954 | D:2      | 954 ||| Stepping ~*~*~tactically~*~*~ (stealth).
   955 | D:2      | 955 ||| Stepping ~*~*~tactically~*~*~ (stealth).
   980 | D:2      | 980 ||| Stepping ~*~*~tactically~*~*~ (stealth).
   988 | D:2      | Reached skill level 3 in Axes
   988 | D:2      | Reached XP level 3. HP: 22/23 MP: 3/3
  1058 | D:2      | Reached skill level 1 in Throwing
  1059 | D:2      | Reached XP level 4. HP: 23/28 MP: 4/4
  1172 | D:2      | 1172 ||| Stepping ~*~*~tactically~*~*~ (stealth).
  1173 | D:2      | 1173 ||| Stepping ~*~*~tactically~*~*~ (stealth).
  1174 | D:2      | 1174 ||| Stepping ~*~*~tactically~*~*~ (stealth).
  1401 | D:2      | Noticed Natasha
  1409 | D:2      | HP: 7/28 [white imp[Natasha] (1)]
  1409 | D:2      | HP: 3/28 [white imp[Natasha] (4)]
  1410 | D:2      | HP: 1/28 [Natasha (2)]
  1411 | D:2      | Slain by a white imp

Levels and vault maps discovered:
D:1:      lordsloth_arrival_two_stooges, layout_basic
D:2:      layout_basic, shapermc_ecumenical_altar_mp_highgroup, uniq_natasha

Skill      XL: |  1  2  3 |
---------------+----------+-----
Axes           | 2 3 |  3.5
Throwing       | 1 |  1.3
Fighting       | |  3.2
Armour         | |  3.2
Shields        | |  3.2

Action                   |  1- 3 |  4- 6 || total
-------------------------+-------+-------++-------
Melee: War axe           |    63 |    18 ||    81
Throw: Javelin           |     5 |     2 ||     7
  Use: Scroll            |     4 |       ||     4
Armor: Scale mail        |    18 |       ||    18
       Chain mail        |     6 |     9 ||    15
Dodge: Dodged            |    29 |     7 ||    36
Block: Buckler           |     9 |     6 ||    15

Table legend:
 A = Non-vault XP
 B = Vault XP
 C = Vault XP percentage of total XP
 D = Non-vault monster count
 E = Vault monster count
 F = Vault count percentage of total count
                 A         B        C        D         E       F
            +---------+---------+-------+---------+---------+-------
      Total |      99 |       0 |   0.0 |      24 |       0 |   0.0
            +---------+---------+-------+---------+---------+-------
        D:1 |      19 |       0 |   0.0 |      12 |       0 |   0.0
        D:2 |      80 |       0 |   0.0 |      12 |       0 |   0.0
            +---------+---------+-------+---------+---------+-------
